 Dungeon Crawl Stone Soup version 0.25.0-9-g26727b657a (webtiles) character file.

Game seed: 7852418716464497232

9113 Kerr0r the Severer (level 11, -2/110 HPs)
             Began as a Hill Orc Berserker on June 18, 2020.
             Was an Elder of Trog.
             Killed from afar by an ice statue (25 damage)
             ... with a bolt of cold
             ... in an ice cave.
             The game lasted 00:29:09 (10941 turns).

Kerr0r the Severer (Hill Orc Berserker)            Turns: 10941, Time: 00:29:10

Health: -2/110     AC: 16    Str: 24    XL:     11   Next: 41%
Magic:  0/11       EV:  7    Int:  7    God:    Trog [****..]
Gold:   449        SH:  0    Dex: 10    Spells: 10/10 levels left

rFire    . . .     SeeInvis .   H - +3 halberd
rCold    . . .     Gourm    .   (shield currently unavailable)
rNeg     . . .     Faith    .   E - +0 plate armour
rPois    +         Spirit   +   A - +2 hood of the Assassin {Detection Stab+ Stlth++}
rElec    .         Reflect  .   (no cloak)
rCorr    .         Harm     .   (no gloves)
MR       ++...                  j - +1 pair of boots
Stlth    ..........             x - amulet of guardian spirit
HPRegen  1.28/turn              p - ring of poison resistance
MPRegen  0.12/turn              (no ring)

@: berserk cooldown, regenerating
A: no striking features
a: Berserk, Trog's Hand, Brothers in Arms, Renounce Religion


You were in an ice cave.
You worshipped Trog.
Trog was greatly pleased with you.
You were not hungry.

You visited 1 branch of the dungeon, and saw 11 of its levels.
You also visited: Ice Cave.

You collected 449 gold pieces.

Inventory:

Hand Weapons
 a - a +1 hand axe
 H - a +3 halberd (weapon)
Armour
 b - a +0 animal skin
 e - a +0 chain mail
 j - a +1 pair of boots (worn)
 y - the +4 ring mail of Joch {rF+ rCorr}
   (You found it on level 6 of the Dungeon)

   It protects you from fire.
   It provides partial protection from all sources of acid and corrosion.
 A - the +2 hood of the Assassin (worn) {Detection Stab+ Stlth++}
   (You found it on level 8 of the Dungeon)

   It makes you much more stealthy.
 E - a +0 plate armour (worn)
Jewellery
 p - a ring of poison resistance (left hand)
 v - the ring of Suriff {*Tele rElec}
   (You found it on level 7 of the Dungeon)

   [ring of teleportation]

   It may teleport you next to monsters.
   It insulates you from electricity.
 x - an amulet of guardian spirit (around neck)
 B - a +6 ring of strength {unknown}
Wands
 f - a wand of iceblast (14)
 m - a wand of clouds (5)
 r - a wand of acid (10)
 s - a wand of flame (25)
Scrolls
 i - a scroll of fog
 k - 7 scrolls of teleportation
 l - 3 scrolls of remove curse
 q - a scroll of identify
 u - a scroll of immolation {unknown}
 F - 2 scrolls of acquirement {unknown}
 I - 2 scrolls of blinking
 J - 2 scrolls of magic mapping
 K - a scroll of fear
Potions
 d - a potion of magic
 g - 2 potions of brilliance
 h - 3 potions of invisibility
 n - 2 potions of resistance
 o - a potion of ambrosia {unknown}
 w - a potion of stabbing {unknown}
 z - a potion of degeneration {unknown}
 C - a potion of cancellation {unknown}
 D - 2 potions of curing
 G - a potion of flight {unknown}
 L - a potion of haste {unknown}
Comestibles
 c - 23 rations


   Skills:
 + Level 14.2 Fighting
 - Level 15.0(15.1) Axes
 + Level 2.2(8.8) Polearms
 * Level 4.8 Armour
 - Level 1.5 Dodging


You had 10 spell levels left.
You didn't know any spells.
Your spell library was empty.

Dungeon Overview and Level Annotations

Branches:
Dungeon (11/15)            Temple (0/1) D:5            Lair (0/6) D:11
    Orc (0/2) D:10          IceCv (1/1)

Altars:
Ashenzari
Cheibriados
Dithmenos
Elyvilon
Hepliaklqana
Kikubaaqudgha
Makhleb
Trog
Vehumet
Wu Jian
Xom

Shops:
D:9 :

Annotations:
D:5 Prince Ribbit IceCv exclusion: 2 ice statues


Message History

The ice beast is almost dead.
The ice statue glitters chillingly in the dim dungeon light.
The ice statue gestures at you. The shard of ice hits you!
The ice beast hits you. The ice beast freezes you!
* * * LOW HITPOINT WARNING * * *
Your ogre closely misses the ice beast.
The ice beast hits you but does no damage.
The ice beast hits you.
* * * LOW HITPOINT WARNING * * *
The ice beast freezes you.
* * * LOW HITPOINT WARNING * * *
You slash the ice beast!
You kill the ice beast!
Your ogre rages.
The ice beast hits you but does no damage.
The ice beast barely misses you.
Your ogre hits the ice beast with a +0 giant club!
The ice statue gestures at you. The bolt of cold hits you!!
You die...

##....# ##.....##
#......8 #### #......##
######..# #.......###
##..##....
##.....Y..≈###.........
#.....OYY...#§......∩.∩
#........##....##......
#.....@.####..#####....
##......8# #### ##..#
##.#.#### #### ####


You could see 2 ice statues, 3 ice beasts and a friendly ogre (summoned,
berserk).

Vanquished Creatures
  Gastronok (D:10)
  An unseen horror (D:11)
  Pikel (D:5)
  An ice devil (IceCv)
  A troll (D:9)
  A spriggan (D:9)
  A vampire (D:9)
  A hungry ghost (D:8)
  Menkaure (D:5)
  A water moccasin (D:7)
  3 orc warriors
  7 ice beasts
  4 sky beasts
  A necrophage (D:8)
  A black bear (D:6)
  6 ogres
  3 centaurs
  4 big kobolds
  7 bullfrogs
  4 scorpions
  10 killer bees
  5 wights (D:10)
  2 crimson imps
  A bullfrog zombie (D:6)
  2 centaur zombies
  3 hounds
  4 jellies
  6 orc priests
  Crazy Yiuf (D:7)
  8 orc wizards
  4 iguanas
  Terence (D:2)
  6 worker ants
  2 hound zombies
  2 hound skeletons
  4 worker ant zombies
  10 gnolls
  7 adders
  An ooze (D:2)
  An ufetubus (IceCv)
  3 worms
  3 dart slugs
  5 leopard geckos
  29 orcs
  3 ball pythons
  7 giant cockroaches
  4 goblins
  3 hobgoblins
  5 jackals
  6 quokkas
  A ball python skeleton (D:4)
  11 bats
  4 frilled lizards
  23 kobolds
  A quokka skeleton (D:7)
  6 rats
  2 fungi (D:7)
246 creatures vanquished.

Vanquished Creatures (collateral kills)
  Joseph (D:7)
  2 ice beasts (D:11)
  A howler monkey (D:7)
  An orc priest (D:9)
  An iguana (D:11)
  An orc wizard (D:9)
  An orc (D:9)
8 creatures vanquished.

Vanquished Creatures (others)
  3 slaves (D:5)
  An orc wizard (D:5)
  4 white imps (IceCv)
  9 ufetubi (IceCv)
  3 orcs (D:5)
20 creatures vanquished.

Grand Total: 274 creatures vanquished

Notes
Turn   | Place    | Note
-------+----------+-------------------------------------------
     0 | D:1      | Kerr0r the Hill Orc Berserker began the quest for the Orb.
     0 | D:1      | Reached XP level 1. HP: 19/19 MP: 1/1
   233 | D:1      | Reached XP level 2. HP: 27/27 MP: 2/2
   723 | D:2      | Reached XP level 3. HP: 31/34 MP: 3/3
   770 | D:2      | Reached skill level 5 in Axes
   951 | D:2      | Noticed a centaur
   979 | D:2      | Killed a centaur
   979 | D:2      | Reached skill level 5 in Fighting
   979 | D:2      | Reached XP level 4. HP: 25/42 MP: 4/4
   979 | D:2      | Reached XP level 5. HP: 29/48 MP: 5/5
  1220 | D:2      | Reached skill level 6 in Axes
  1474 | D:2      | Reached ** piety under Trog
  1486 | D:2      | Noticed Terence
  1503 | D:2      | Killed Terence
  1949 | D:3      | Reached XP level 6. HP: 57/57 MP: 6/6
  2189 | D:3      | Reached skill level 7 in Axes
  2842 | D:3      | Found a burning altar of Makhleb.
  2963 | D:4      | Reached XP level 7. HP: 66/66 MP: 7/7
  3159 | D:4      | Reached skill level 8 in Axes
  4051 | D:5      | Entered Level 5 of the Dungeon
  4072 | D:5      | Reached *** piety under Trog
  4072 | D:5      | Reached skill level 9 in Axes
  4189 | D:5      | Reached XP level 8. HP: 63/74 MP: 8/8
  4243 | D:5      | Found a staircase to the Ecumenical Temple.
  4321 | D:5      | Noticed Menkaure
  4332 | D:5      | Killed Menkaure
  4659 | D:5      | Noticed Pikel
  4691 | D:5      | Killed Pikel
  4691 | D:5      | Reached skill level 10 in Axes
  4928 | D:5      | Found an ornate altar of the Wu Jian Council.
  5158 | D:5      | Reached skill level 10 in Fighting
  5158 | D:5      | Reached XP level 9. HP: 85/85 MP: 9/9
  5233 | D:5      | Noticed Prince Ribbit
  5405 | D:5      | Reached skill level 11 in Axes
  5819 | D:6      | Got a warped ring mail
  5830 | D:6      | Identified the +4 ring mail of Joch {rF+ rCorr} (You found
                  | it on level 6 of the Dungeon)
  6698 | D:7      | Got a pitted amber ring
  6735 | D:7      | Reached **** piety under Trog
  6735 | D:7      | Reached skill level 12 in Axes
  6771 | D:7      | Identified the ring of Suriff {*Tele rElec} (You found it
                  | on level 7 of the Dungeon)
  6782 | D:7      | Found a white marble altar of Elyvilon.
  6782 | D:7      | Found a shattered altar of Ashenzari.
  6798 | D:7      | Found a hazy altar of Hepliaklqana.
  6800 | D:7      | Found a bloodstained altar of Trog.
  6802 | D:7      | Found an ancient bone altar of Kikubaaqudgha.
  7143 | D:7      | Noticed Joseph
  7156 | D:7      | Killed Joseph
  7410 | D:7      | Found a runed translucent door.
  7411 | D:7      | Noticed Crazy Yiuf
  7418 | D:7      | Killed Crazy Yiuf
  7794 | D:8      | Reached XP level 10. HP: 97/97 MP: 10/10
  7833 | D:8      | Reached skill level 13 in Axes
  7899 | D:8      | Found the +2 hood of the Assassin {Detection Stab+ Stlth++}
  8064 | D:8      | Found a shadowy altar of Dithmenos.
  8312 | D:8      | Found a radiant altar of Vehumet.
  8447 | D:8      | Found a shattered altar of Ashenzari.
  8449 | D:8      | Found an ornate altar of the Wu Jian Council.
  8449 | D:8      | Found a burning altar of Makhleb.
  8451 | D:8      | Found a shattered altar of Ashenzari.
  8451 | D:8      | Found a bloodstained altar of Trog.
  8451 | D:8      | Found a shimmering altar of Xom.
  8557 | D:9      | Found Asuocret's Book Boutique.
  9311 | D:9      | Reached skill level 14 in Axes
  9533 | D:9      | Found a snail-covered altar of Cheibriados.
  9682 | D:10     | Entered Level 10 of the Dungeon
  9787 | D:10     | Found a shimmering altar of Xom.
  9997 | D:10     | Noticed Gastronok
 10015 | D:10     | Killed Gastronok
 10015 | D:10     | Reached skill level 15 in Axes
 10015 | D:10     | Reached XP level 11. HP: 107/107 MP: 11/11
 10073 | D:10     | Found a staircase to the Orcish Mines.
 10769 | D:11     | Found a staircase to the Lair.
 10786 | D:11     | Reached skill level 1 in Polearms
 10816 | D:11     | Found a frozen archway.
 10855 | D:11     | Killed an unseen horror
 10879 | IceCv    | Entered an ice cave
 10941 | IceCv    | Killed from afar by an ice statue

Illustrated notes

Levels and vault maps discovered:
D:1:      onia_arrival_mini_spirals, layout_basic
D:2:      layout_basic, uniq_terence
D:3:      layout_loops_ring, makhleb_blood_cavern_becter
D:4:      cheibrodos_old_hovel, layout_loops_ring, first_ration
D:5:      layout_loops_ring, lemuel_round_altar, minmay_temple_entry_mini_moons,
          kennysheep_generic_room_11, uniq_pikel, uniq_menkaure,
          uniq_prince_ribbit1
D:6:      layout_basic, kennysheep_generic_room_14
D:7:      layout_basic, chequers_temple_overflow_minitemple, uniq_joseph,
          uniq_crazy_yiuf_cottage
D:8:      layout_loops_ring, doesnt_xom_only_xom,
          nicolae_dithmenos_shadow_blocks, kennysheep_mini_moat
D:9:      layout_basic, lemuel_crystal_altar, serial_shops,
          nicolae_shop_behind_doors, the_bakery
D:10:     layout_loops_ring, orc_0_dummy, basic_altar, uniq_gastronok
D:11:     layout_roguey, lair_entry_dummy, portal_ice_cave_entry_ice_beasts
IceCv:    ice_cave_small_demon

Skill      XL: |  1  2  3  4  5  6  7  8  9 10 11 |
---------------+----------------------------------+-----
Fighting       | 4 5 6 7 8 10 11 13 14 | 14.2
Axes           | 5 6 7 9 10 12 15 | 15.0
Armour         | 4 |  4.8
Polearms       | 2 |  2.2
Dodging        | |  1.5

Action                   |  1- 3 |  4- 6 |  7- 9 | 10-12 || total
-------------------------+-------+-------+-------+-------++-------
Melee: Hand axe          |    55 |   212 |   434 |   303 ||  1004
       Halberd           |       |       |       |   101 ||   101
Invok: Berserk           |     2 |     4 |    14 |    10 ||    30
       Trog's Hand       |       |       |     2 |     5 ||     7
       Brothers in Arms  |       |       |     1 |     3 ||     4
  Use: Potion            |     1 |       |       |     5 ||     6
       Scroll            |       |       |    16 |     4 ||    20
 Stab: Sleeping          |       |       |       |     2 ||     2
       Distracted        |       |       |       |     2 ||     2
  Eat: Chunk             |     1 |    11 |    23 |    15 ||    50
       Ration            |       |       |     2 |     3 ||     5
Armor: Chain mail        |    30 |    87 |    63 |       ||   180
       Ring mail         |       |       |    55 |    28 ||    83
       Plate armour      |       |       |       |   176 ||   176
Dodge: Dodged            |    22 |    86 |   133 |   140 ||   381
